 Dungeon Crawl Stone Soup version 0.32-a0-136-gc02482bde3 (webtiles) character file.

Game seed: 1953724031929848761

41 CougarLife the Digger (level 3, -1/25 HPs)
             Began as a Gnoll Earth Elementalist on Feb 10, 2024.
             Succumbed to Terence's poison
             ... on level 2 of the Dungeon.
             The game lasted 00:01:16 (1356 turns).

CougarLife the Digger (Gnoll Earth Elementalist)    Turns: 1356, Time: 00:01:17

Health: -1/25      AC:  2    Str:  7    XL:     3   Next: 52%
Magic:  6/9        EV: 13    Int: 16    God:
Gold:   46         SH:  0    Dex: 12    Spells: 8/12 levels left

rFire   . . .        d - +0 dagger
rCold   . . .        (no shield)
rNeg    . . .        a - +0 robe
rPois   .            (no helmet)
rElec   .            (no cloak)
rCorr   .            (no gloves)
SInv    .            (no boots)
Will    .....        (no amulet)
Stlth   ++           (no ring)
HPRegen 0.24/turn    (no ring)
MPRegen 0.11/turn

%: no passive effects
@: lethally poisoned (-1 -> -8)
A: fangs 1, strong nose, distributed training
a: no special abilities


You were on level 2 of the Dungeon.
You visited 1 branch of the dungeon, and saw 2 of its levels.

You collected 46 gold pieces.

Inventory:

Hand Weapons
 d - a +0 dagger (weapon)
Armour
 a - a +0 robe (worn)
Scrolls
 c - a scroll of teleportation {unknown}


   Skills:
 + Level 0.9 Fighting
 + Level 0.9 Short Blades
 + Level 0.9 Long Blades
 + Level 0.9 Axes
 + Level 0.9 Maces & Flails
 + Level 0.9 Polearms
 + Level 0.9 Staves
 + Level 0.9 Ranged Weapons
 + Level 0.9 Throwing
 + Level 0.9 Armour
 + Level 4.5 Dodging
 + Level 4.2 Stealth
 + Level 0.9 Shields
 + Level 0.9 Unarmed Combat
 + Level 5.0 Spellcasting
 + Level 2.1 Conjurations
 + Level 0.6 Hexes
 + Level 0.6 Summonings
 + Level 0.6 Necromancy
 + Level 0.6 Translocations
 + Level 0.6 Fire Magic
 + Level 0.6 Ice Magic
 + Level 0.6 Air Magic
 + Level 5.4 Earth Magic
 + Level 0.6 Alchemy
 + Level 1.0 Invocations
 + Level 0.9 Evocations
 + Level 0.7 Shapeshifting


You had 8 spell levels left.
You knew the following spells:

 Your Spells              Type           Power      Damage    Failure   Level
a - Sandblast             Erth           42%        2d11      1%          1
b - Stone Arrow           Conj/Erth      32%        3d9       10%         3

Your spell library contained the following spells:

 Spells                   Type           Power      Damage    Failure   Level
 Passwall                 Erth           21%        N/A       4%          3
 Momentum Strike          Conj/Tloc      16%        3d8       13%         2
 Blink                    Tloc           12%        N/A       19%         2
 Lesser Beckoning         Tloc           12%        N/A       19%         2
 Brom's Barrelling Bould  Conj/Erth      16%        2d4       32%         4
 Petrify                  Alch/Erth      13%        N/A       41%         4


Dungeon Overview and Level Annotations

Branches:
Dungeon (2/15)

Altars:


Innate Abilities, Weirdness & Mutations

You have very sharp teeth.
Your uncanny sense of smell can sniff out nearby items.
Your experience applies equally to all skills.


Message History

You start memorising the spell.
You continue memorising. x3
Terence shouts!
You finish memorising.
Spell assigned to 'b'.
Casting: Sandblast (safe; 1% risk of failure)
Confirm with . or Enter, or press ? or * to list all spells.
Aiming: Stone Arrow (quite dangerous; 10% risk of failure)
Press: ? - help, Shift-Dir - straight line, f - Terence
Aim: Terence, wielding a +2 trident of venom and wearing a +2 chain mail of poison resistance (77% to hit)
The stone arrow hits Terence but does no damage.
Casting: Stone Arrow (quite dangerous; 10% risk of failure)
Confirm with . or Enter, or press ? or * to list all spells.
Aiming: Stone Arrow (quite dangerous; 10% risk of failure)
Press: ? - help, Shift-Dir - straight line, f/p - Terence
Aim: Terence, wielding a +2 trident of venom and wearing a +2 chain mail of poison resistance (77% to hit)
The stone arrow hits Terence!
Terence is almost dead.
Casting: Stone Arrow (quite dangerous; 10% risk of failure)
Confirm with . or Enter, or press ? or * to list all spells.
Aiming: Stone Arrow (quite dangerous; 10% risk of failure)
Press: ? - help, Shift-Dir - straight line, f/p - Terence
Aim: Terence, wielding a +2 trident of venom and wearing a +2 chain mail of poison resistance (almost dead, 77% to hit)
The stone arrow misses Terence.
Terence hits you from afar with a +2 trident of venom!
You are lethally poisoned!
You feel very sick.
* * * LOW HITPOINT WARNING * * *
You feel very sick.
* * * LOW HITPOINT WARNING * * *
You feel very sick. Magic courses through your body.
* * * LOW HITPOINT WARNING * * *
You feel sick. Terence barely misses you.
Casting: Stone Arrow (quite dangerous; 10% risk of failure)
Confirm with . or Enter, or press ? or * to list all spells.
Aiming: Stone Arrow (quite dangerous; 10% risk of failure)
Press: ? - help, Shift-Dir - straight line, f/p - Terence
Aim: Terence, wielding a +2 trident of venom and wearing a +2 chain mail of poison resistance (almost dead, 77% to hit)
The stone arrow hits Terence!
You kill Terence!
You die...

## ∆...###### ........##
#.###....## ###.
#.........#####...
#####...........#
#..).@........#### ###
#.......#####.........###..
#.#####.# ##...#........#
#.########.##.....###
#.....).......##...†.
###########.#.##...#.
#.#....#... #.####..... #..
......#


There were no monsters in sight!

Vanquished Creatures
  Terence (D:2)
  A dart slug (D:1)
  5 ball pythons (D:1)
  4 bats
  2 endoplasms (D:1)
  3 giant cockroaches (D:1)
  4 goblins
  2 hobgoblins
  4 jackals (D:1)
  A quokka (D:1)
  3 frilled lizards (D:1)
  A kobold (D:1)
  4 rats
35 creatures vanquished.

Notes
Turn   | Place    | Note
-------+----------+-------------------------------------------
     0 | D:1      | CougarLife the Gnoll Earth Elementalist began the quest for
                  | the Orb.
     0 | D:1      | Reached XP level 1. HP: 13/13 MP: 6/6
   192 | D:1      | Reached XP level 2. HP: 19/19 MP: 5/7
   637 | D:1      | Reached skill level 5 in Spellcasting
   637 | D:1      | Reached XP level 3. HP: 17/25 MP: 0/9
   787 | D:1      | Found a faded altar of an unknown god.
   814 | D:1      | Reached skill level 1 in Invocations
  1342 | D:2      | Noticed Terence
  1349 | D:2      | Learned a level 3 spell: Stone Arrow
  1355 | D:2      | HP: 1/25 [poisoned by Terence]
  1356 | D:2      | Killed Terence
  1356 | D:2      | Succumbed to Terence's poison

Illustrated notes

Levels and vault maps discovered:
D:1:      saegor_arrival_simple_a, layout_basic,
          hellmonk_ecumenical_altar_pennies_from_heaven, minmay_surrounded
D:2:      layout_rooms, uniq_terence

Skill      XL: |  1  2  3 |
---------------+----------+-----
Conjurations   | 2 |  2.1
Spellcasting   | 5 |  5.0
Invocations    | 1 |  1.0
Fighting       | |  0.9
Short Blades   | |  0.9
Long Blades    | |  0.9
Axes           | |  0.9
Maces & Flails | |  0.9
Polearms       | |  0.9
Staves         | |  0.9
Ranged Weapons | |  0.9
Throwing       | |  0.9
Armour         | |  0.9
Dodging        | |  4.5
Stealth        | |  4.2
Shields        | |  0.9
Unarmed Combat | |  0.9
Hexes          | |  0.6
Summonings     | |  0.6
Necromancy     | |  0.6
Translocations | |  0.6
Fire Magic     | |  0.6
Ice Magic      | |  0.6
Air Magic      | |  0.6
Earth Magic    | |  5.4
Alchemy        | |  0.6
Evocations     | |  0.9
Shapeshifting  | |  0.7

Action                     || total
---------------------------++-------
  Melee: Unarmed           ||    11
   Cast: Sandblast         ||    43
         Stone Arrow       ||     4
    Use: Potion            ||     1
 Armour: Robe              ||    21
  Dodge: Dodged            ||    39

Table legend: (Time is in decaauts)
 A = Elapsed time spent in this place.
 B = Non-inter-level travel time spent in this place.
 C = Inter-level travel time spent in this place.
 D = Time resting spent in this place.
 E = Time spent auto-exploring this place.
 F = Levels seen in this place.
 G = Mean time per level.
                   A        B        C        D        E       F      G
               +--------+--------+--------+--------+--------+-----+--------+
         Total |   1378 |   1319 |     59 |    128 |   1010 |   2 |  689.0 |
       Dungeon |   1378 |   1319 |     59 |    128 |   1010 |   2 |  689.0 |
               +--------+--------+--------+--------+--------+-----+--------+

Top non-repeatable levels by time:
     D:1: 1254 daAuts
     D:2: 123 daAuts
